 Dungeon Crawl Stone Soup version 0.27-a0-1525-g1038ab4fd7 (webtiles) character file.

Game seed: 1190885428428535993

277 Demosthentine the Poker (level 6, -15/48 HPs)
             Began as a Merfolk Gladiator on July 11, 2021.
             Demolished by an ogre (19 damage)
             ... on level 4 of the Dungeon.
             The game lasted 00:03:34 (3750 turns).

Demosthentine the Poker (Merfolk Gladiator)         Turns: 3750, Time: 00:03:35

Health: -15/48     AC:  5    Str: 16    XL:     6   Next: 26%
Magic:  6/6        EV: 14    Int:  7    God:
Gold:   171        SH:  0    Dex: 16    Spells: 5/5 levels left

rFire    . . .     SeeInvis .   a - +0 trident
rCold    . . .     Faith    .   (no shield)
rNeg     . . .     Spirit   .   b - +0 leather armour
rPois    .         Reflect  .   c - +0 helmet
rElec    .         Harm     .   (no cloak)
rCorr    .         Rampage  .   (no gloves)
Will     .....                  h - +0 pair of boots
Stlth    +.........             (no amulet)
HPRegen  0.16/turn              (no ring)
MPRegen  0.10/turn              (no ring)

@: no status effects
A: (nimble swimmer 2), mertail
a: no special abilities


You were on level 4 of the Dungeon.
You visited 1 branch of the dungeon, and saw 4 of its levels.

You collected 171 gold pieces.

Inventory:

Hand Weapons
 a - a +0 trident (weapon)
 o - the +10 flail "Roxe" {protect, Fly SInv}
   (You found it on level 4 of the Dungeon)

   It grants its wielder temporary protection when it strikes (+7 to AC).
   SInv:      It lets you see invisible.
   Fly:       It grants you flight.
Missiles
 d - 2 throwing nets (quivered)
 i - 2 boomerangs of dispersal
Armour
 b - a +0 leather armour (worn)
 c - a +0 helmet (worn)
 h - a +0 pair of boots (worn)
Scrolls
 n - a scroll of acquirement {unknown}
Potions
 e - a potion of resistance
 f - a potion of lignification {unknown}
 g - a potion of mutation
 j - a potion of curing
 k - a potion of ambrosia {unknown}
 l - a potion of heal wounds {unknown}
 m - 2 potions of degeneration {unknown}


   Skills:
 + Level 3.9 Fighting
 + Level 6.1 Polearms
 - Level 2.0 Throwing
 + Level 2.0 Armour
 + Level 5.7 Dodging


You had 5 spell levels left.
You didn't know any spells.
Your spell library contained the following spells:

 Spells                   Type           Power      Damage    Failure   Level
 Animate Skeleton         Necr           0%         N/A       50%         1
 Apportation              Tloc           0%         N/A       50%         1
 Corona                   Hex            0%         N/A       50%         1
 Shock                    Conj/Air       0%         1d3       50%         1
 Summon Small Mammal      Summ           0%         N/A       50%         1
 Ensorcelled Hibernation  Hex/Ice        0%         N/A       65%         2
 Spider Form              Tmut/Pois      0%         N/A       86%         3
 Swiftness                Air            0%         N/A       86%         3
 Airstrike                Air            0%         N/A       99%         4
 Animate Armour           Summ/Erth      0%         N/A       99%         4
 Leda's Liquefaction      Hex/Erth       0%         N/A       99%         4
 Blade Hands              Tmut           0%         N/A       100%        5
 Bolt of Magma            Conj/Fire/Erth 0%         4d4       100%        5
 Iron Shot                Conj/Erth      0%         9d1       100%        6
 Shadow Creatures         Summ           N/A        N/A       100%        6
 Statue Form              Tmut/Erth      0%         N/A       100%        6


Dungeon Overview and Level Annotations

Branches:
Dungeon (4/15)
 Temple: D:4-7

Altars:
Ashenzari
Trog

Shops:
D:1 [   D:2 ?

Annotations:
D:4 3 runed translucent doors


Innate Abilities, Weirdness & Mutations

((You are quick and stealthy near water. (Stealth+, EV+, Speed+++)))
Your lower body shifts to a powerful aquatic tail in water.


Message History

You hit the orc.
The orc is heavily wounded.
The orc barely misses you.
You hit the orc but do no damage.
The orc is heavily wounded.
The orc hits you with a +0 short sword.
You barely miss the orc.
The orc is heavily wounded.
The orc misses you.
You hit the orc.
You kill the orc!
Throw: 3 throwing nets
Press: ? - help, Q - select action, (/) - cycle Shift-Dir - straight line, f/p - orc
Aim: an orc, wielding a +0 club (severely wounded, 62% to hit)
You throw a throwing net. The throwing net hits the ogre.
The ogre is caught in the net!
The ogre struggles against the net.
You barely miss the ogre.
The ogre struggles against the net.
You hit the ogre but do no damage.
The ogre struggles against the net.
You strike the helpless ogre from behind!
You puncture the ogre!
The ogre is moderately wounded.
The ogre struggles against the net.
You puncture the ogre!
The ogre is heavily wounded.
The ogre struggles against the net.
The net rips apart, and the ogre comes free!
You hit the ogre.
The ogre is severely wounded.
The ogre hits you with a +0 giant club!
You hit the ogre.
The ogre is almost dead.
The ogre hits you with a +0 giant club!!
* * * LOW HITPOINT WARNING * * *
You closely miss the ogre.
The ogre is severely wounded.
You barely miss the ogre.
The ogre is severely wounded.
The ogre hits you with a +0 giant club!!
You die...

#.##.........
#.##.##.#####
##.##.##.# #
##...#.##.# #
####.<.)..##.#####
#.........##.##...
#.##.....###.##...
#.###.............
#@# ###########...
# #O# #...
.####.##{### ###.
...o...ooo.# ##
#####.>..#.# #
######.# # # # . #


You could see an ogre and 3 orcs.

Vanquished Creatures
  An ogre (D:3)
  Natasha (thrice) (D:3)
  An adder (D:3)
  3 worms (D:2)
  A dart slug (D:1)
  8 orcs
  5 endoplasms
  4 giant cockroaches
  7 goblins
  7 hobgoblins
  11 jackals
  12 kobolds
  5 quokkas
  4 ball pythons
  3 bats
  9 frilled lizards
  3 rats
87 creatures vanquished.

Notes
Turn   | Place    | Note
-------+----------+-------------------------------------------
     0 | D:1      | Demosthentine the Merfolk Gladiator began the quest for the
                  | Orb.
     0 | D:1      | Reached XP level 1. HP: 16/16 MP: 1/1
   108 | D:1      | Reached XP level 2. HP: 12/23 MP: 2/2
   398 | D:1      | Found Jareir's Antique Armour Shoppe.
   519 | D:1      | Reached XP level 3. HP: 10/28 MP: 3/3
   827 | D:1      | Found a faded altar of an unknown god.
  1565 | D:2      | Found Hireor's Magic Scroll Emporium.
  1870 | D:2      | Reached skill level 5 in Polearms
  1870 | D:2      | Reached skill level 1 in Armour
  1951 | D:2      | Reached XP level 4. HP: 35/35 MP: 4/4
  2392 | D:3      | Noticed Natasha
  2404 | D:3      | Killed Natasha
  2490 | D:3      | Reached skill level 5 in Dodging
  2632 | D:3      | Noticed an ogre
  2649 | D:3      | Killed an ogre
  2650 | D:3      | Reached XP level 5. HP: 15/41 MP: 5/5
  2884 | D:3      | Noticed Natasha
  2901 | D:3      | Killed Natasha
  3090 | D:3      | Noticed Natasha
  3093 | D:3      | Reached XP level 6. HP: 11/48 MP: 6/6
  3110 | D:3      | Killed Natasha
  3111 | D:3      | Reached skill level 6 in Polearms
  3391 | D:3      | Found a broken altar of Ashenzari.
  3480 | D:3      | Found a bloodstained altar of Trog.
  3662 | D:4      | Found a runed translucent gate.
  3662 | D:4      | Found a runed translucent gate.
  3662 | D:4      | Found a runed translucent gate.
  3716 | D:4      | Identified the +10 flail "Roxe" {protect, Fly SInv}
  3750 | D:4      | Demolished by an ogre

Illustrated notes

Levels and vault maps discovered:
D:1:      eino_arrival_cavern_a, layout_basic, serial_shops, shop,
          shapermc_ecumenical_altar_notcrosses, minmay_misc_feat_tiny,
          minmay_tall_x
D:2:      kennysheep_big_flooded_room, layout_loops_ring, serial_shops,
          nicolae_lakefront_shop, minivault_26
D:3:      layout_rooms, trog_hazing_becter, cheibrodos_ashenzari_chains,
          kennysheep_generic_room_5, uniq_natasha
D:4:      layout_loops_ring, gammafunk_ghost_necromancy

Skill      XL: |  1  2  3  4  5  6 |
---------------+-------------------+-----
Polearms       | 5 6 |  6.1
Armour         | 1 2 |  2.0
Fighting       | 3 |  3.9
Dodging        | 5 |  5.7
Throwing       | |  2.0

Action                   |  1- 3 |  4- 6 || total
-------------------------+-------+-------++-------
Melee: Trident           |   142 |   176 ||   318
Throw: Throwing net      |       |     3 ||     3
  Use: Scroll            |     2 |     7 ||     9
       Potion            |       |     3 ||     3
 Stab: Sleeping          |     5 |     3 ||     8
       Held in net/web   |       |     1 ||     1
Armor: Leather armour    |    33 |    27 ||    60
Dodge: Dodged            |   103 |   127 ||   230

Table legend: (Time is in decaauts)
 A = Elapsed time spent in this place.
 B = Non-inter-level travel time spent in this place.
 C = Inter-level travel time spent in this place.
 D = Time resting spent in this place.
 E = Time spent auto-exploring this place.
 F = Levels seen in this place.
 G = Mean time per level.
                   A        B        C        D        E       F      G
               +--------+--------+--------+--------+--------+-----+--------+
         Total |   3767 |   3694 |     73 |    229 |   2793 |   4 |  941.8 |
       Dungeon |   3767 |   3694 |     73 |    229 |   2793 |   4 |  941.8 |
               +--------+--------+--------+--------+--------+-----+--------+

Top non-repeatable levels by time:
     D:2: 1330 daAuts
     D:1: 1268 daAuts
     D:3: 1037 daAuts
     D:4: 131 daAuts
